 Dungeon Crawl Stone Soup version 0.27-a0-1140-g099f9bb (webtiles) character file.

Game seed: 8225676325210574764

57 Meow the Stinger (level 4, 36/36 HPs)
             Began as a Naga Venom Mage on May 9, 2021.
             Quit the game on level 3 of the Dungeon.
             The game lasted 00:06:11 (1481 turns).

Meow the Stinger (Naga Venom Mage)                  Turns: 1481, Time: 00:06:12

Health: 36/36      AC:  2    Str: 11    XL:     4   Next: 0%
Magic:  4/7        EV:  9    Int: 16    God:
Gold:   41         SH:  0    Dex: 11    Spells: 3/7 levels left

rFire    + . .     SeeInvis +   a - staff of fire
rCold    . . .     Faith    .   (no shield)
rNeg     . . .     Spirit   .   b - +0 robe
rPois    +         Reflect  .   (no helmet)
rElec    .         Harm     .   (no cloak)
rCorr    .         Rampage  .   (no gloves)
Will     .....                  (no barding)
Stlth    ++........             m - amulet of magic regeneration
HPRegen  0.12/turn              (no ring)
MPRegen  0.35/turn              (no ring)

@: very slow
A: AC +1, large, see invisible, deformed body, poison resistance, slowness 2,
spit poison 1, naga tail 1
a: Spit Poison


You were on level 3 of the Dungeon.
You visited 1 branch of the dungeon, and saw 3 of its levels.

You collected 41 gold pieces.

Inventory:

Hand Weapons
 e - a +0 short sword
 k - a +0 hunting sling
Missiles
 g - 72 stones
 h - 39 arrows
Armour
 b - a +0 robe (worn)
Magical Staves
 a - a staff of fire (weapon)
Jewellery
 m - an amulet of magic regeneration (around neck)
Scrolls
 c - a scroll of amnesia {unknown}
 d - a scroll of immolation {unknown}
 f - a scroll of teleportation
 i - a scroll of summoning {unknown}
 l - a scroll of fog {unknown}
Potions
 j - a potion of magic {unknown}
 n - a potion of attraction {unknown}
 o - a potion of flight {unknown}


   Skills:
 - Level 1.5 Dodging
 - Level 3.0 Stealth
 + Level 2.2 Spellcasting
 - Level 1.0 Transmutations
 + Level 6.1 Poison Magic


You had 3 spell levels left.
You knew the following spells:

 Your Spells              Type           Power      Damage    Failure   Level
a - Sting                 Tmut/Pois      52%        1d5       4%          1
c - Mephitic Cloud        Conj/Pois/Air  8%         N/A       26%         3

Your spell library contained the following spells:

 Spells                   Type           Power      Damage    Failure   Level
 Poisonous Vapours        Pois/Air       22%        N/A       9%          2
 Ignite Poison            Fire/Tmut/Pois 14%        N/A       22%         3
 Olgreb's Toxic Radiance  Pois           21%        N/A       16%         4


Dungeon Overview and Level Annotations

Branches:
Dungeon (3/15)

Altars:


Innate Abilities, Weirdness & Mutations

Your serpentine skin is tough. (AC +1)
You have supernaturally acute eyesight. (SInv)
Armour fits poorly on your strangely shaped body.
Your system is resistant to poisons. (rPois)
You cover ground very slowly.
You can spit poison.
You have a snake-like lower body.


Message History

Press: ? - help, Shift-Dir - straight line, f - you Really target yourself?
Okay, then.
You see here a rat corpse.
Press: ? - help, Shift-Dir - straight line, f - orc
Aim: an orc, wielding a +0 dagger and wearing a +0 leather armour (asleep)
The splash of poison hits the orc.
The orc is poisoned.
The orc is heavily wounded.
The orc shouts!
You kill the orc!
You have got your breath back.
Found a stone staircase leading up.
Found a bubbling emerald potion.
Found a mace.
An endoplasm comes into view.
Press: ? - help, Shift-Dir - straight line, f - endoplasm
Aim: an endoplasm (wandering, hasn't noticed you)
The splash of poison hits the endoplasm.
The endoplasm is moderately wounded.
The endoplasm quivers.
Unknown command.
Casting: Sting (safe; 4% risk of failure)
Confirm with . or Enter, or press ? or * to list all spells.
Aiming: Sting (safe; 4% risk of failure)
Press: ? - help, Shift-Dir - straight line, f/p - endoplasm
Aim: an endoplasm (moderately wounded, 98% to hit)
The sting hits the endoplasm.
The endoplasm partially resists.
The endoplasm is severely wounded.
Casting: Sting (safe; 4% risk of failure)
Confirm with . or Enter, or press ? or * to list all spells.
Aiming: Sting (safe; 4% risk of failure)
Press: ? - help, Shift-Dir - straight line, f/p - endoplasm
Aim: an endoplasm (severely wounded, 98% to hit)
The sting hits the endoplasm.
The endoplasm partially resists.
The endoplasm is poisoned.
You kill the endoplasm!
You have got your breath back.
You have reached level 4!
You feel stronger.
Are you sure you want to abandon this character and quit the game? (Confirm with "yes".)

....#!##......#...#
..<...#..........##
.........)>......##
.....#.#.........# ...#
#.#....####.# .
#.#.......#.#
#.#..#......#
#.#..#..#####
#@#.......#
........#..#.##.####
........#..#.......#
........#..#....##.#
........##.#######.####
..).....##.......#....#
........##.####.#####.#
........##.# #.#####.#
#.# #.......#


There were no monsters in sight!

Vanquished Creatures
  An orc (D:3)
  2 bats
  4 endoplasms
  2 giant cockroaches
  2 goblins
  8 hobgoblins
  13 jackals
  3 kobolds
  A quokka (D:2)
  4 ball pythons
  2 frilled lizards
  5 rats
47 creatures vanquished.

Notes
Turn   | Place    | Note
-------+----------+-------------------------------------------
     0 | D:1      | Meow the Naga Venom Mage began the quest for the Orb.
     0 | D:1      | Reached XP level 1. HP: 15/15 MP: 3/3
   167 | D:1      | Reached XP level 2. HP: 20/22 MP: 1/5
   210 | D:1      | Reached skill level 5 in Poison Magic
   241 | D:1      | Found a faded altar of an unknown god.
   385 | D:1      | Reached XP level 3. HP: 28/28 MP: 6/6
   390 | D:1      | Learned a level 3 spell: Mephitic Cloud
  1003 | D:2      | Reached skill level 6 in Poison Magic
  1481 | D:3      | Reached XP level 4. HP: 36/36 MP: 4/7
  1481 | D:3      | Quit the game

Illustrated notes

Levels and vault maps discovered:
D:1:      mainiacjoe_arrival_reflecting_pool, layout_basic,
          shapermc_ecumenical_altar_starsandcircs
D:2:      layout_rooms
D:3:      layout_basic

Skill      XL: |  1  2  3 |
---------------+----------+-----
Poison Magic   | 5 6 |  6.1
Dodging        | |  1.5
Stealth        | |  3.0
Spellcasting   | |  2.2
Transmutations | |  1.0

Action                   |  1- 3 |  4- 6 || total
-------------------------+-------+-------++-------
Melee: Short sword       |     2 |       ||     2
       Staff             |     2 |       ||     2
 Cast: Sting             |    31 |       ||    31
 Abil: Spit Poison       |    47 |       ||    47
  Use: Scroll            |     1 |       ||     1
Armor: Robe              |     1 |       ||     1
Dodge: Dodged            |    12 |       ||    12

Table legend: (Time is in decaauts)
 A = Elapsed time spent in this place.
 B = Non-inter-level travel time spent in this place.
 C = Inter-level travel time spent in this place.
 D = Time resting spent in this place.
 E = Time spent auto-exploring this place.
 F = Levels seen in this place.
 G = Mean time per level.
                   A        B        C        D        E       F      G
               +--------+--------+--------+--------+--------+-----+--------+
         Total |   1990 |   1947 |     43 |     55 |   1505 |   3 |  663.3 |
       Dungeon |   1990 |   1947 |     43 |     55 |   1505 |   3 |  663.3 |
               +--------+--------+--------+--------+--------+-----+--------+

Top non-repeatable levels by time:
     D:1: 1203 daAuts
     D:2: 658 daAuts
     D:3: 129 daAuts
